 Dungeon Crawl Stone Soup version 0.25-a0-447-gff83419037 (webtiles) character file.

Game seed: 2420722824330010309, levelgen mode: deterministic

211 ChaosChampion the Conjurer (level 5, -2/38 HPs)
             Began as a Draconian Conjurer on Jan 31, 2020.
             Was an Initiate of Ashenzari.
             Slain by a jackal (3 damage)
             ... on level 4 of the Dungeon.
             The game lasted 00:06:02 (2911 turns).

ChaosChampion the Conjurer (Draconian Conjurer)     Turns: 2911, Time: 00:06:03

Health: -2/38      AC:  5    Str: 10    XL:     5   Next: 57%
Magic:  0/9        EV: 16    Int: 22    God:    Ashenzari [......]
Gold:   148        SH:  0    Dex: 11    Spells: 7/10 levels left

rFire    . . .     SeeInvis .   (no weapon)
rCold    + . .     Gourm    .   (no shield)
rNeg     . . .     Faith    .   (armour unavailable)
rPois    .         Spirit   .   (helmet restricted)
rElec    .         Reflect  .   (no cloak)
rCorr    .         Harm     .   (no gloves)
MR       .....                  (no boots)
Stlth    ++........             (no amulet)
HPRegen  0.12/turn              i - ring of protection from cold
MPRegen  0.11/turn              l - +4 ring of evasion

@: brilliant, flying
A: unfitting armour, cold-blooded, AC +5
a: Curse Item, Renounce Religion


You were on level 4 of the Dungeon.
You worshipped Ashenzari.
Ashenzari was noncommittal.
You were very hungry.

You visited 1 branch of the dungeon, and saw 4 of its levels.

You collected 148 gold pieces.

Inventory:

Missiles
 c - 14 poisoned darts (quivered)
 f - 3 atropa-tipped darts
Jewellery
 i - a ring of protection from cold (left hand)
 k - an uncursed ring of wizardry
 l - a +4 ring of evasion (right hand)
 o - an uncursed ring of resist corrosion
Scrolls
 d - 3 scrolls of teleportation {unknown}
 e - 3 scrolls of identify {unknown}
 j - 2 scrolls of remove curse
Potions
 g - a potion of haste
 m - a potion of magic {unknown}
 p - a potion of heal wounds {unknown}
Comestibles
 b - 9 rations


   Skills:
 + Level 2.0 Dodging
 + Level 2.0 Stealth
 * Level 3.1 Spellcasting
 * Level 6.2 Conjurations


You had 7 spell levels left.
You knew the following spells:

 Your Spells              Type           Power        Failure   Level  Hunger
a - Magic Dart            Conj           ####         1%          1    None
b - Searing Ray           Conj           #####.       1%          2    ##.....

Your spell library contained the following spells:

 Spells                   Type           Power        Failure   Level  Hunger
 Beastly Appendage        Tmut           ###...       1%          1    None
 Dazzling Flash           Conj/Hex       ####..       1%          3    ###....
 Sticks to Snakes         Tmut           ###.....     2%          2    ##.....
 Spider Form              Tmut/Pois      ###.......   4%          3    ###....
 Fulminant Prism          Conj/Hex       ####......   4%          4    ####...
 Iskenderun's Mystic Bla  Conj/Tloc      ####....     4%          4    ####...
 Ice Form                 Ice/Tmut       ###.....     13%         4    ####...
 Blade Hands              Tmut           ###.......   32%         5    ######.


Dungeon Overview and Level Annotations

Branches:
Dungeon (4/15)             Temple (0/1) D:4

Altars:
Ashenzari
Kikubaaqudgha


Innate Abilities, Weirdness & Mutations

Your plain brown scales are hard. (AC +5)
You cannot fit into any form of body armour.
You are cold-blooded and may be slowed by cold attacks.


Message History

Throwing (i - inventory. (/) - cycle)
c - 15 poisoned darts (quivered)
Press: ? - help, Shift-Dir - straight line, f - jackal, p - worker ant
Aim: a jackal (heavily wounded)
You throw a poisoned dart. The poisoned dart hits the jackal.
The jackal is poisoned.
The jackal is heavily wounded.
The jackal bites you but does no damage.
It was a potion of cancellation.
Your magical effects are unravelling.
You feel magically purged.
You feel yourself slow down. The jackal misses you. x2
It was a potion of brilliance.
You feel clever all of a sudden. The jackal misses you.
The jackal completely misses you. The jackal bites you.
* * * LOW HITPOINT WARNING * * *
It was a potion of flight.
You feel very buoyant.
You fly up into the air.
The jackal misses you. The jackal bites you.
You die...

#... #.##.## #
#..###+###.##.###.# #+#
#..#.....#........#
#.#####
####.#.#+#.#.##.#######
#.#...
..#.'.#>#.'.##........
##.#.#
#.#.#.###.############
#...h#######.#.#..a..#
.....h.........###'###
#...o#######.#.h@ha#
##.#.# #.#######
#.#.#######.#
#.#.>.......#
#.########### #.# #.#
#.


You could see a worker ant and 2 jackals.

Vanquished Creatures
  An ogre (D:4)
  An orc priest (D:4)
  An orc wizard (D:4)
  A gnoll (D:1)
  An adder (D:2)
  An ooze (D:1)
  2 dart slugs
  A leopard gecko (D:1)
  2 giant cockroaches
  6 goblins
  4 hobgoblins
  8 jackals
  2 bats (D:1)
  3 frilled lizards (D:1)
  7 kobolds (D:1)
  8 rats
49 creatures vanquished.

Notes
Turn   | Place    | Note
-------+----------+-------------------------------------------
     0 | D:1      | ChaosChampion the Draconian Conjurer began the quest for
                  | the Orb.
     0 | D:1      | Reached XP level 1. HP: 14/14 MP: 3/3
   147 | D:1      | Reached XP level 2. HP: 9/20 MP: 0/5
   321 | D:1      | Learned a level 2 spell: Searing Ray
   423 | D:1      | Reached XP level 3. HP: 25/26 MP: 4/6
   508 | D:1      | Reached skill level 5 in Conjurations
  1285 | D:2      | Reached XP level 4. HP: 33/33 MP: 1/7
  1300 | D:2      | Found a shattered altar of Ashenzari.
  1321 | D:2      | Became a worshipper of Ashenzari the Shackled
  1661 | D:2      | Found an ancient bone altar of Kikubaaqudgha.
  2523 | D:4      | Found a staircase to the Ecumenical Temple.
  2565 | D:4      | Noticed an ogre
  2571 | D:4      | Killed an ogre
  2571 | D:4      | Reached XP level 5. HP: 38/38 MP: 2/9
  2854 | D:4      | Reached skill level 6 in Conjurations
  2910 | D:4      | HP: 1/38 [jackal (2)]
  2911 | D:4      | Slain by a jackal

Levels and vault maps discovered:
D:1:      lightli_arrival_maybe_door_vault, layout_loops_ring,
          minmay_tiny_reverse_x
D:2:      layout_loops_ring, overflow_temple_1_default,
          nicolae_overflow_hidden_temple
D:3:      layout_basic, first_ration, nrook_mini_backslash,
          chequers_serial_rivers_micro_a
D:4:      layout_loops_corners, grunt_temple_overflow_open,
          minmay_temple_entry_glassed_door

Skill      XL: |  1  2  3  4  5 |
---------------+----------------+-----
Conjurations   | 5 6 |  6.2
Dodging        | 2 |  2.0
Spellcasting   | 3 |  3.1
Stealth        | 2 |  2.0

Action                   |  1- 3 |  4- 6 || total
-------------------------+-------+-------++-------
Melee: Unarmed           |    49 |     4 ||    53
       Tailslap          |     7 |       ||     7
Throw: Dart              |       |     2 ||     2
 Cast: Magic Dart        |    58 |    21 ||    79
       Searing Ray       |     4 |     2 ||     6
  Use: Potion            |       |     4 ||     4
  Eat: Chunk             |     2 |     1 ||     3
       Ration            |       |     1 ||     1
Armor: Skin              |    36 |     3 ||    39
Dodge: Dodged            |    55 |    27 ||    82

Table legend:
 A = Non-vault XP
 B = Vault XP
 C = Vault XP percentage of total XP
 D = Non-vault monster count
 E = Vault monster count
 F = Vault count percentage of total count
                 A         B        C        D         E       F
            +---------+---------+-------+---------+---------+-------
      Total |     299 |       3 |   1.0 |      47 |       2 |   4.1
            +---------+---------+-------+---------+---------+-------
        D:1 |      75 |       3 |   3.8 |      34 |       2 |   5.6
        D:2 |      20 |       0 |   0.0 |       4 |       0 |   0.0
        D:3 |       7 |       0 |   0.0 |       4 |       0 |   0.0
        D:4 |     197 |       0 |   0.0 |       5 |       0 |   0.0
            +---------+---------+-------+---------+---------+-------
